 Dungeon Crawl Stone Soup version bcrawl-1.37.2 (webtiles) character file.

Game seed: 11396107169159044505

134364 Mehrunes the Magician (level 6, -3/41 HPs)
             Began as a Mummy Fire Elementalist on Nov 1, 2022.
             Slain by a sky beast (6 damage)
             ... on level 3 of the Dungeon.
             The game lasted 00:06:21 (4584 turns).

Mehrunes the Magician (Mummy Fire Elementalist)     Turns: 4584, Time: 00:06:21

Health: -3/41      AC:  2    Str: 12    XL:     6   Next: 33%
Magic:  13/13      EV: 12    Int: 16    God:
Gold:   202        SH:  0    Dex: 12    Spells: 5/15 levels left

rFire    x . .     GDR:     24% h - -3 hunting sling (curse)
rCold    + . .     SeeInvis .   (no shield)
rNeg     + + +     Gourm    .   a - +0 robe
rPois    ∞         Faith    .   (no helmet)
rElec    .         Spirit   .   (no cloak)
rCorr    .         Reflect  .   (no gloves)
MR       .....     Clarity  +   (no boots)
Stlth    ++........             (no amulet)
HPRegen  0.16/turn              (no ring)
MPRegen  0.13/turn              (no ring)

@: no status effects
A: no food or potions, fire vulnerability, clarity, cold resistance 1, negative
energy resistance 3, torment resistance, unbreathing, strong hexes 1
a: no special abilities


You were on level 3 of the Dungeon.
You were not hungry.

You visited 1 branch of the dungeon, and saw 4 of its levels.

You collected 202 gold pieces.

Inventory:

Hand Weapons
 f - a +0 dagger
 h - a cursed -3 hunting sling (weapon)
Missiles
 d - 1273 stones (quivered)
 j - 48 arrows
 n - 87 poisoned tomahawks
Armour
 a - a +0 robe (worn)
Wands
 c - a wand of flame (4)
Scrolls
 b - 3 scrolls of teleportation
 e - a scroll of enchant armour
 g - 2 scrolls of magic mapping
 k - 2 scrolls of remove curse
 l - a scroll of immolation
 m - a scroll of enchant weapon {unknown}


   Skills:
 - Level 1.5 Dodging
 - Level 2.1 Stealth
 - Level 5.0 Spellcasting
 + Level 3.1 Conjurations
 + Level 4.0 Fire Magic


You had 5 spell levels left.
You knew the following spells:

 Your Spells              Type           Power        Failure   Level  Hunger
a - Flame Tongue          Conj/Fire      ###..        3%          1    N/A
b - Conjure Flame         Conj/Fire      ###.....     11%         3    N/A
c - Sticky Flame          Conj/Fire      ###.....     34%         4    N/A
d - Sticks to Snakes      Tmut           #.......     22%         2    N/A

Your spell library contained the following spells:

 Spells                   Type           Power        Failure   Level  Hunger
 Flaming Arrows           Chrm/Fire      ##......     10%         2    N/A
 Inner Flame              Hex/Fire       N/A          21%         3    N/A
 Passwall                 Tmut/Erth      #.......     22%         2    N/A
 Fireball                 Conj/Fire      ###.......   67%         5    N/A
 Beastly Appendage        Tmut           Unusable     N/A         1    N/A
 Spider Form              Tmut/Pois      Unusable     N/A         3    N/A
 Ice Form                 Ice/Tmut       Unusable     N/A         4    N/A
 Blade Hands              Tmut           Unusable     N/A         5    N/A

Dungeon Overview and Level Annotations

Branches:
Dungeon (4/12)             Temple (0/1) D:4

Altars:
Dithmenos
Gozag
Lugonu
Wu Jian
Yredelemnul

Annotations:
D:1 1 exclusion
D:3 2 exclusions


Innate Abilities, Weirdness & Mutations

You do not eat or drink.
Your flesh is vulnerable to fire.
You are immune to poison.
You possess an exceptional clarity of mind.
Your flesh is cold resistant. (rC+)
You are immune to negative energy. (rN+++)
You are immune to unholy pain and torment.
You can survive without breathing.
Your hexes are more powerful.


Message History

There is a stone staircase leading down here.
The sky beast flickers out of sight!
Deactivating autopickup; reactivate with Ctrl-A.
Press: ? - help, v - describe, . - travel
There is a rock wall here.
Pillar chosen.
Step on one of the excluded tiles and press space to continue.
Starting manual walk.
You see here a murky pink potion.
A sky beast appears from thin air!
Reactivating autopickup.
The sky beast flickers out of sight!
Deactivating autopickup; reactivate with Ctrl-A.
A sky beast appears from thin air!
Reactivating autopickup.
The sky beast flickers out of sight!
Deactivating autopickup; reactivate with Ctrl-A.
Something hits you.
* * * LOW HITPOINT WARNING * * *
Something shocks you.
You die...

....#.......###......#..###.###.#
........_.....#......#....#.#....
....#.......#........#..#.#.#....
....#.8...8.#...>....#!.#.#.#....
....##.....######....#..#...#....
.....###.########....#..#####...#
.........................[....###
.....#.##########...###.#.#...###
####.#.##.......@...# #.#.#.#....
# #.#.############## #.#........
####.#.##..........####.#........
#..#..)...#######.......#....####
#..#...#########.########....#
#..#...........#.# #....#
#..#...........#.# #####....#
#..#.......##########.....#.##
...#..#............##.#####.# ##


There were no monsters in sight!

Vanquished Creatures
  An ice beast (D:3)
  A hound (D:2)
  2 adders (D:3)
  3 worms (D:2)
  A dart slug (D:1)
  6 leopard geckos
  6 orcs
  6 giant cockroaches
  12 goblins
  9 hobgoblins
  12 jackals
  7 kobolds
  7 bats
  2 frilled lizards (D:1)
  2 rats
77 creatures vanquished.

Vanquished Creatures (collateral kills)
  Purgy (D:3)
  A worm (D:3)
2 creatures vanquished.

Grand Total: 79 creatures vanquished

Notes
Turn   | Place    | Note
-------+----------+-------------------------------------------
     0 | D:1      | Mehrunes the Mummy Fire Elementalist began the quest for
                  | the Orb.
     0 | D:1      | Reached XP level 1. HP: 13/13 MP: 4/4
   182 | D:1      | Reached skill level 3 in Spellcasting
   349 | D:1      | Reached XP level 2. HP: 19/19 MP: 3/6
   761 | D:1      | Reached skill level 4 in Spellcasting
  1250 | D:2      | Reached XP level 3. HP: 24/24 MP: 4/8
  1823 | D:2      | Reached skill level 5 in Spellcasting
  1823 | D:2      | Reached skill level 1 in Conjurations
  1823 | D:2      | Reached XP level 4. HP: 21/30 MP: 4/11
  2275 | D:2      | Found an ornate altar of the Wu Jian Council.
  2289 | D:2      | Found a corrupted altar of Lugonu.
  2289 | D:2      | Found a basalt altar of Yredelemnul.
  2300 | D:2      | Found a glowing golden altar of the Shining One.
  2314 | D:2      | Found a shadowy altar of Dithmenos.
  2913 | D:2      | Learned a level 3 spell: Conjure Flame
  2919 | D:2      | Learned a level 4 spell: Sticky Flame
  3148 | D:3      | Learned a level 2 spell: Sticks to Snakes
  3156 | D:3      | Noticed an ice beast
  3170 | D:3      | Killed an ice beast
  3171 | D:3      | Reached XP level 5. HP: 22/35 MP: 3/12
  3565 | D:3      | Found an opulent altar of Gozag.
  3946 | D:3      | Noticed Purgy
  3970 | D:3      | Killed Purgy
  3971 | D:3      | Reached XP level 6. HP: 41/41 MP: 8/13
  4530 | D:4      | Noticed a sky beast
  4536 | D:4      | Found a staircase to the Ecumenical Temple.
  4557 | D:4      | HP: 2/41 [sky beast (5)]
  4584 | D:3      | Slain by a sky beast

Skill      XL: |  1  2  3  4  5 |
---------------+----------------+-----
Spellcasting   | 3 4 5 |  5.0
Conjurations   | 1 2 3 |  3.1
Fire Magic     | 3 4 |  4.0
Dodging        | |  1.5
Stealth        | |  2.1

Action                   |  1- 3 |  4- 6 || total
-------------------------+-------+-------++-------
Melee: Unarmed           |     8 |       ||     8
       Hunting sling     |     2 |       ||     2
 Fire: Hunting sling     |     6 |       ||     6
 Cast: Flame Tongue      |    79 |    94 ||   173
       Sticks to Snakes  |       |     7 ||     7
  Use: Scroll            |     3 |     4 ||     7
Armor: Robe              |    13 |     6 ||    19
Dodge: Dodged            |    53 |    24 ||    77
